 Dungeon Sprint DCSS version 0.21-a0-265-gb353147 (webtiles) character file.

81 Kidiri the Thaumaturge (level 4, -11/24 HPs)
             Began as a Deep Elf Fire Elementalist on Sept 10, 2017.
             Killed from afar by a wizard (35 damage)
             ... with a crystal spear
             ... in the Dungeon (Sprint III: "The Ten Rune Challenge").
             The game lasted 00:02:39 (452 turns).

Kidiri the Thaumaturge (Deep Elf Fire Elementalist)  Turns: 452, Time: 00:02:40

Health: -11/24     AC:  6    Str:  5    XL:     4   Next: 20%
Magic:  12/16      EV: 13    Int: 21    God:
Gold:   30         SH:  0    Dex: 15    Spells: 6/19 levels left

rFire    . . .     SeeInvis .   (no weapon)
rCold    . . .     Gourm    .   (no shield)
rNeg     . . .     Faith    .   a - +0 robe
rPois    +         Spirit   .   (no helmet)
rElec    +         Reflect  .   (no cloak)
rCorr    .         Harm     .   (no gloves)
MR       .....     NoTele   +   (no boots)
Stlth    ++........             (no amulet)
HPRegen  0.08/turn              (no ring)
MPRegen  0.15/turn              (no ring)

@: no status effects
A: slimy green scales 1, thin metallic scales 1, poison resistance, electricity
resistance
a: no special abilities


You were in the Dungeon.
You were not hungry.

You visited 1 branch You collected 30 gold pieces.

Inventory:

Armour
 a - a +0 robe (worn)
Scrolls
 i - a scroll of blinking
 j - a scroll of enchant weapon {unknown}
 m - a scroll of torment {unknown}
 n - a scroll of enchant armour {unknown}
 o - 3 scrolls of remove curse
 s - a scroll of holy word {unknown}
Potions
 d - a potion of curing
 e - a potion of heal wounds
 f - a potion of haste
 g - 2 potions of magic
 h - a potion of berserk rage
 q - a potion of lignification
 r - a potion of flight
 u - a potion of might {unknown}
 v - a potion of invisibility {unknown}
Books
 b - a book of Flames

   Spells                             Type                      Level
   a - Flame Tongue                   Conjuration/Fire             1
   b - Throw Flame                    Conjuration/Fire             2
   c - Conjure Flame                  Conjuration/Fire             3
   d - Inner Flame                    Hexes/Fire                   3
   e - Sticky Flame                   Conjuration/Fire             4
   f - Fireball                       Conjuration/Fire             5
Comestibles
 c - a bread ration
 p - 2 royal jellies


   Skills:
 - Level 2.4 Dodging
 - Level 2.4 Stealth
 * Level 8.3 Spellcasting
 + Level 4.5 Conjurations
 + Level 5.4 Fire Magic


You had 6 spell levels left.
You knew the following spells:

 Your Spells              Type           Power        Failure   Level  Hunger
a - Flame Tongue          Conj/Fire      ####.        1%          1    None
b - Throw Flame           Conj/Fire      ####..       1%          2    None
c - Conjure Flame         Conj/Fire      ####....     3%          3    None
d - Inner Flame           Hex/Fire       ###.....     8%          3    None
e - Sticky Flame          Conj/Fire      ####....     10%         4    ###....


Dungeon Overview and Level Annotations

Branches:
Dungeon (1/1)

Altars:
Kikubaaqudgha
Sif Muna
Vehumet


Innate Abilities, Weirdness & Mutations

You are partially covered in slimy green scales. (AC +2)
You are partially covered in thin metallic scales. (AC +2)
Your system is resistant to poisons. (rPois)
You are resistant to electric shocks. (rElec)


Message History

You open the door.
Found a radiant altar of Vehumet.
A kobold demonologist and a wizard come into view.
The wizard shouts!
The kobold demonologist shouts!
The wizard barely misses you.
Found a hardcover book and 5 gold pieces.
Found a deep blue altar of Sif Muna and an ancient bone altar of Kikubaaqudgha.
There is an open door here.
Casting: Flame Tongue
Confirm with . or Enter, or press ? or * to list all spells.
Aiming: Sticky Flame
Press: ? - help, Shift-Dir - straight line, f - wizard
Aim: a wizard, wielding a dagger and wearing a robe The sticky flame hits the wizard.
The wizard is moderately wounded.
The wizard is covered in liquid flames!
The wizard burns!
The wizard gestures at you while chanting.
The crystal spear hits you!
Ouch! That really hurt!
You die...

.#......#####..#
##.......#..#..#
.##.##.÷.#..#..###+#+###+#
.##.###..##+#..#..........
####.##..###...'.⌠........
##..##..####...#...######+
....##..###....#.⌠.#
#..##...##.....#...#
..##....#......#@###
.###..##.#.....#.p$# .#
#..#####....#_K_# ▓▓ ▓▓▓▓
▓▓▓▓▓▓▓▓▓▓


You could see a wizard (burning) and a kobold demonologist.

Vanquished Creatures
  A water elemental (D)
  A human (D)
  An ooze (D)
  A phantom (D)
  3 rats (D)
7 creatures vanquished.

Vanquished Creatures (others)
  2 draconian scorchers (D)
  A yaktaur (D)
  6 hellions (D)
  4 plants (D)
13 creatures vanquished.

Grand Total: 20 creatures vanquished

Notes
Turn   | Place    | Note
-------+----------+-------------------------------------------
     0 | D        | Kidiri the Deep Elf Fire Elementalist began the quest for the Orb.
     0 | D        | Reached XP level 1. HP: 10/10 MP: 6/6
    13 | D        | Reached skill level 4 in Spellcasting
    93 | D        | Killed a hellion
    94 | D        | Killed a hellion
   124 | D        | Reached skill level 5 in Spellcasting
   124 | D        | Reached XP level 2. HP: 15/15 MP: 7/10
   132 | D        | Killed a hellion
   132 | D        | Killed a hellion
   149 | D        | Killed a white draconian scorcher
   161 | D        | Killed a yaktaur
   166 | D        | Reached skill level 6 in Spellcasting
   166 | D        | Reached XP level 3. HP: 5/19 MP: 0/12
   170 | D        | Learned a level 2 spell: Throw Flame
   170 | D        | Killed a hellion
   170 | D        | Killed a white draconian scorcher
   172 | D        | Killed a hellion
   174 | D        | Learned a level 3 spell: Conjure Flame
   178 | D        | Learned a level 3 spell: Inner Flame
   219 | D        | Gained mutation: You tend to lose your temper in combat. [potion of mutation]
   219 | D        | Gained mutation: Your magical capacity is low. (-10% MP) [potion of mutation]
   219 | D        | Gained mutation: You are resistant to hostile enchantments. (MR+) [potion of mutation]
   219 | D        | Gained mutation: You are agile. (Dex +2) [potion of mutation]
   220 | D        | Lost mutation: Your magical capacity is low. (-10% MP) [potion of mutation]
   220 | D        | Lost mutation: You are agile. (Dex +2) [potion of mutation]
   220 | D        | Gained mutation: You are clumsy. (Dex -2) [potion of mutation]
   220 | D        | Gained mutation: You are resistant to electric shocks. (rElec) [potion of mutation]
   221 | D        | Lost mutation: You are clumsy. (Dex -2) [potion of mutation]
   221 | D        | Lost mutation: You are resistant to hostile enchantments. (MR+) [potion of mutation]
   221 | D        | Lost mutation: You tend to lose your temper in combat. [potion of mutation]
   221 | D        | Gained mutation: Your system is resistant to poisons. (rPois) [potion of mutation]
   221 | D        | Gained mutation: You are partially covered in slimy green scales. (AC +2) [potion of mutation]
   221 | D        | Gained mutation: You are partially covered in thin metallic scales. (AC +2) [potion of mutation]
   397 | D        | Noticed a water elemental
   399 | D        | Killed a water elemental
   399 | D        | Reached skill level 8 in Spellcasting
   399 | D        | Reached skill level 5 in Fire Magic
   399 | D        | Reached XP level 4. HP: 24/24 MP: 8/16
   405 | D        | Learned a level 4 spell: Sticky Flame
   450 | D        | Found a radiant altar of Vehumet.
   451 | D        | Found a deep blue altar of Sif Muna.
   451 | D        | Found an ancient bone altar of Kikubaaqudgha.
   451 | D        | Noticed a wizard
   452 | D        | Killed from afar by a wizard

Vault maps used:
D:        dungeon_sprint_mu

Skill      XL: |  1  2  3 |
---------------+----------+-----
Spellcasting   | 5 6 8 |  8.3
Conjurations   | 2 3 4 |  4.5
Fire Magic     | 4 5 |  5.4
Dodging        | |  2.4
Stealth        | |  2.4

Action                   |  1- 3 |  4- 6 || total
-------------------------+-------+-------++-------
Melee: Unarmed           |     4 |       ||     4
 Cast: Flame Tongue      |    23 |     1 ||    24
       Conjure Flame     |     1 |       ||     1
       Sticky Flame      |       |     1 ||     1
  Use: Potion            |     3 |       ||     3
       Scroll            |     2 |       ||     2
Armor: Robe              |     1 |       ||     1
Dodge: Dodged            |    15 |     1 ||    16

Table legend:
 A = Spawn XP
 B = Non-spawn XP
 C = Spawn XP percentage of total XP
 D = Spawn monster count
 E = Non-spawn monster count
 F = Spawn count percentage of total count
 G = Total turns spent on level
                    A         B        C        D         E        F      G
               +---------+---------+-------+---------+---------+-------+---------
         Total |       0 |     117 |   0.0 |       0 |       7 |   0.0 |   452
               +---------+---------+-------+---------+---------+-------+---------
             D |       0 |     117 |   0.0 |       0 |       7 |   0.0 |   452
               +---------+---------+-------+---------+---------+-------+---------
